Map: Echo LE (Void)

Players

Fropez

  • Race: Protoss Protoss
  • League: Gold
  • Spawn Location: 5:00

NRF - Winner!

  • Race: Protoss Protoss
  • League: Gold
  • Spawn Location: 11:00

VOD

Have the link to the VOD?

Description

Time

  • Played on: Dec. 31, 2016, 7:30 p.m.
  • Length: 18:17
Show
View Real Time Build Order
Export as new Build Order

Fropez Protoss 

Build Orders: Blink Stalkers 

Get SALT Encoding   

  12  0:01  Probe (Chrono Boost)  
  13  0:11  Probe (Chrono Boost)  
  14  0:22  Probe (Chrono Boost)  
  15  0:29  Pylon  
  15  0:47  Probe (Chrono Boost)  
  15  0:49  Assimilator  
  16  0:58  Probe (Chrono Boost)  
  16  1:01  Gateway  
  17  1:08  Probe (Chrono Boost)  
  18  1:19  Probe (Chrono Boost)  
  19  1:29  Probe (Chrono Boost)  
  19  1:32  Nexus  
  20  1:40  Probe (Chrono Boost), Assimilator  
  21  1:58  Cybernetics Core  
  21  2:03  Gateway  
  21  2:06  Probe (Chrono Boost)  
  22  2:16  Pylon  
  22  2:17  Probe (Chrono Boost)  
  23  2:24  Pylon  
  23  2:34  Probe (Chrono Boost)  
  24  2:39  Warp Gate  
  24  2:43  Pylon  
  25  2:44  Probe (Chrono Boost)  
  25  2:45  Probe (Chrono Boost)  
  26  2:56  Stalker x2  
  30  3:00  Probe (Chrono Boost)  
  32  3:07  Probe (Chrono Boost)  
  32  3:17  Probe (Chrono Boost)  
  32  3:18  Twilight Council  
  33  3:23  Mothership Core (Chrono Boost)  
  35  3:34  Probe (Chrono Boost)  
  35  3:36  Assimilator  
  36  3:43  Probe (Chrono Boost), Blink  
  36  3:45  Probe (Chrono Boost)  
  36  3:46  Stalker  
  36  3:47  Stalker  
  43  3:57  Probe (Chrono Boost)  
  43  3:59  Probe (Chrono Boost)  
  44  4:05  Assimilator  
  44  4:09  Probe (Chrono Boost)  
  45  4:16  Probe (Chrono Boost)  
  46  4:17  Robotics Facility  
  46  4:18  Pylon  
  46  4:21  Probe (Chrono Boost)  
  47  4:28  Probe (Chrono Boost)  
  48  4:33  Probe (Chrono Boost)  
  49  4:40  Pylon, Probe (Chrono Boost)  
  51  4:46  Probe (Chrono Boost)  
  51  4:52  Stalker  
  54  4:53  Probe (Chrono Boost), Stalker  
  54  4:58  Probe (Chrono Boost)  
  54  4:59  Pylon  
  57  5:05  Warp Prism, Probe (Chrono Boost)  
  58  5:10  Probe (Chrono Boost)  
  61  5:16  Gateway  
  61  5:17  Probe (Chrono Boost)  
  61  5:19  Gateway  
  63  5:22  Probe (Chrono Boost)  
  64  5:29  Probe (Chrono Boost)  
  64  5:34  Probe (Chrono Boost)  
  65  5:35  Pylon  
  65  5:39  Observer  
  65  5:41  Probe (Chrono Boost)  
  67  5:46  Probe (Chrono Boost)  
  67  5:48  Stalker  
  70  5:53  Pylon  
  70  5:55  Probe (Chrono Boost)  
  71  5:57  Pylon  
  71  6:07  Forge  
  71  6:15  Stalker  
  71  6:17  Stalker  
  73  6:30  Stalker x3  
  79  6:38  Probe x2 (Chrono Boost)  
  81  6:44  Protoss Ground Weapons Level 1  
  81  6:51  Gateway  
  81  6:52  Observer  
  81  6:54  Gateway  
  81  6:56  Gateway  
  81  6:57  Gateway  
  82  7:05  Forge  
  82  7:14  Probe x2 (Chrono Boost)  
  84  7:17  Stalker x3  
  84  7:18  Stalker  
  84  7:22  Assimilator  
  92  7:24  Assimilator  
  92  7:25  Pylon  
  92  7:27  Nexus  
  92  7:30  Pylon  
  92  7:43  Stalker x4  
  100  7:49  Probe x2 (Chrono Boost)  
  100  7:50  Protoss Ground Armor Level 1  
  102  7:58  Gateway  
  102  8:00  Photon Cannon  
  102  8:01  Probe x2 (Chrono Boost), Immortal  
  102  8:03  Pylon  
  104  8:07  Pylon  
  110  8:13  Probe (Chrono Boost)  
  110  8:14  Probe (Chrono Boost)  
  110  8:15  Pylon  
  110  8:29  Protoss Ground Weapons Level 2  
  110  8:36  Stalker x3  
  110  8:37  Stalker x5  
  110  8:40  Observer  
  126  8:52  Robotics Facility  
  126  9:09  Nexus  
  120  9:22  Stalker x5  
  120  9:23  Stalker x3  
  126  9:51  Stalker x3  
  126  9:52  Stalker x2  
  130  10:04  Protoss Ground Armor Level 2, Stalker x3  
  130  10:05  Stalker  
  128  10:16  Stalker x2  
  128  10:17  Stalker x3  
  126  10:29  Pylon  
  126  10:32  Pylon  
  126  10:33  Probe x2 (Chrono Boost)  
  128  10:47  Stalker  
  128  10:48  Stalker x5  
  140  10:55  Probe x2 (Chrono Boost)  
  140  10:56  Probe x2 (Chrono Boost)  
  144  10:58  Assimilator  
  144  11:02  Assimilator  
  136  11:17  Stalker x3  
  136  11:18  Stalker x3  
  143  11:29  Cybernetics Core  
  101  12:10  Stalker x4  
  101  12:11  Stalker x4  
  101  12:13  Protoss Ground Weapons Level 3  
  101  12:15  Protoss Ground Armor Level 3  
  99  12:26  Nexus  
  99  12:29  Pylon  
  99  12:40  Stalker x3  
  99  12:41  Stalker  
  96  13:06  Stalker x4  
  104  13:20  Mothership Core (Chrono Boost)  
  94  13:52  Stalker x5  
  78  14:21  Assimilator  
  78  14:25  Assimilator  
  76  14:54  Nexus  
  76  14:55  Stalker x3  
  76  14:56  Pylon, Stalker  
  84  15:21  Cybernetics Core  
  70  15:54  Immortal x2  
  75  16:13  Stalker x3  
  79  16:22  Pylon  
  73  16:47  Dark Shrine  
  42  17:35  Gateway  
  42  17:36  Gateway  
  42  17:38  Gateway  
  42  17:39  Assimilator, Gateway  
  42  17:43  Assimilator  
  42  17:52  Pylon  
  42  17:56  Pylon  
  42  17:58  Pylon  
  38  18:14  Pylon  
Show
View Real Time Build Order
Export as new Build Order

NRF Protoss - Winner!

Build Orders:  

Get SALT Encoding   

  12  0:01  Probe (Chrono Boost)  
  13  0:11  Probe (Chrono Boost)  
  14  0:18  Pylon  
  14  0:30  Probe (Chrono Boost)  
  15  0:40  Probe (Chrono Boost), Gateway  
  16  0:51  Probe (Chrono Boost)  
  16  0:52  Pylon  
  17  1:01  Probe (Chrono Boost)  
  18  1:04  Assimilator  
  18  1:07  Assimilator  
  18  1:12  Probe (Chrono Boost)  
  19  1:23  Probe (Chrono Boost)  
  20  1:30  Cybernetics Core  
  20  1:55  Nexus  
  20  1:57  Warp Gate  
  22  2:11  Stalker, Mothership Core (Chrono Boost)  
  25  2:31  Probe (Chrono Boost)  
  25  2:39  Stalker  
  25  2:43  Probe (Chrono Boost)  
  28  2:55  Probe (Chrono Boost)  
  29  3:06  Robotics Facility  
  29  3:09  Pylon, Probe (Chrono Boost)  
  29  3:11  Probe (Chrono Boost)  
  31  3:20  Probe (Chrono Boost)  
  31  3:23  Probe (Chrono Boost)  
  31  3:24  Stalker  
  35  3:30  Probe (Chrono Boost)  
  37  3:35  Probe (Chrono Boost)  
  38  3:41  Probe (Chrono Boost)  
  38  3:47  Probe (Chrono Boost)  
  39  3:51  Observer  
  40  4:00  Probe (Chrono Boost)  
  40  4:01  Probe (Chrono Boost)  
  42  4:05  Pylon  
  42  4:07  Pylon, Immortal  
  42  4:08  Stalker  
  48  4:26  Gateway  
  48  4:27  Gateway  
  48  4:31  Pylon  
  48  4:32  Probe (Chrono Boost)  
  48  4:33  Probe (Chrono Boost)  
  48  4:36  Stalker  
  52  4:42  Probe (Chrono Boost)  
  52  4:43  Observer  
  54  4:45  Probe (Chrono Boost)  
  55  4:53  Probe (Chrono Boost)  
  55  4:58  Probe (Chrono Boost)  
  55  4:59  Assimilator  
  57  5:02  Assimilator  
  57  5:04  Probe (Chrono Boost)  
  57  5:05  Pylon  
  57  5:06  Stalker  
  60  5:07  Immortal  
  60  5:09  Pylon  
  60  5:10  Probe (Chrono Boost)  
  65  5:23  Stalker x2  
  69  5:44  Twilight Council  
  69  5:48  Immortal  
  69  5:52  Forge  
  69  5:54  Pylon  
  69  5:56  Pylon  
  74  5:57  Probe (Chrono Boost)  
  74  6:00  Pylon  
  74  6:05  Pylon, Stalker  
  74  6:06  Stalker  
  74  6:11  Stalker  
  80  6:14  Probe (Chrono Boost)  
  81  6:29  Blink  
  81  6:32  Photon Cannon  
  81  6:34  Protoss Ground Armor Level 1  
  81  6:35  Photon Cannon  
  81  6:38  Photon Cannon  
  81  6:43  Photon Cannon  
  81  6:46  Photon Cannon  
  81  7:03  Nexus  
  81  7:19  Stalker x3  
  86  7:43  Gateway  
  86  7:44  Gateway  
  86  7:49  Gateway  
  86  8:02  Pylon  
  86  8:05  Pylon  
  86  8:08  Pylon, Immortal  
  90  8:12  Pylon  
  90  8:14  Photon Cannon  
  90  8:18  Photon Cannon  
  90  8:23  Photon Cannon  
  90  8:32  Photon Cannon  
  90  8:40  Photon Cannon  
  90  8:44  Photon Cannon  
  90  8:54  Immortal  
  94  9:15  Stalker x2  
  94  9:16  Stalker x3  
  104  9:21  Protoss Ground Armor Level 2  
  103  9:38  Pylon  
  103  9:39  Pylon  
  104  9:46  Probe (Chrono Boost)  
  104  9:47  Probe x2 (Chrono Boost)  
  104  9:49  Pylon  
  104  9:51  Pylon  
  106  9:54  Pylon  
  106  9:57  Forge  
  106  9:58  Forge  
  106  9:59  Probe (Chrono Boost)  
  106  10:20  Stalker  
  106  10:21  Stalker x3  
  114  10:33  Photon Cannon  
  114  10:36  Photon Cannon  
  114  10:37  Probe (Chrono Boost)  
  114  10:38  Probe (Chrono Boost)  
  114  10:39  Probe (Chrono Boost)  
  117  10:51  Pylon  
  117  10:56  Photon Cannon  
  113  11:14  Adept  
  113  11:15  Adept  
  113  11:19  Stalker  
  113  11:20  Stalker x3  
  113  11:23  Immortal  
  100  11:43  Stalker x3  
  80  12:10  Stalker x3  
  82  12:23  Probe (Chrono Boost)  
  82  12:24  Probe x2 (Chrono Boost)  
  83  12:36  Probe x2 (Chrono Boost)  
  85  12:39  Immortal  
  89  12:45  Pylon  
  89  12:46  Pylon  
  82  13:36  Stalker  
  82  13:37  Stalker x3  
  74  15:36  Nexus  
  64  17:25  Pylon  
  64  17:28  Pylon, Assimilator  
  64  17:30  Pylon  
  64  17:33  Pylon  
  64  17:37  Pylon  
  64  18:03  Nexus  
Tags
 
Composition
Blink Stalkers
League
GoldGold
Matchup
PvP
Replay Pack
All Mines
Spawn Locations
Cross Positions
Add a new tag
Caveats
  • Supply blocks, unpowered buildings, or Contaminate may cause inaccurate times.
  • Supply counts are checked every 10 seconds.